 Dungeon Crawl Stone Soup version 0.31.0-32-g396128a36d (webtiles) character file.

Game seed: 8461503888998299102

14538 dorian the Slicer (level 12, -1/65 HPs)
             Began as a Vine Stalker Brigand on Mar 15, 2024.
             Was a Follower of Uskayaw.
             Killed from afar by an electric eel (13 damage)
             ... with a bolt of electricity
             ... on level 11 of the Dungeon.
             The game lasted 00:35:29 (10411 turns).

dorian the Slicer (Vine Stalker Brigand)           Turns: 10411, Time: 00:35:30

Health: -1/65      AC: 18    Str: 16    XL:     12   Next: 17%
Magic:  0/13       EV:  7    Int: 11    God:    Uskayaw [*.....]
Gold:   642        SH: 16    Dex: 19    Spells: 11/11 levels left

rFire   + . .        g - +5 short sword (heavy)
rCold   . . .        L - +1 kite shield of Negligence {+Inv rF+ Regen+}
rNeg    . . .        M - +2 chain mail {rPois}
rPois   +            A - +0 helmet
rElec   .            c - +0 cloak
rCorr   +            E - +0 pair of gloves
SInv    .            (no boots)
Will    +....        h - amulet of reflection
Stlth   +            J - ring of resist corrosion
HPRegen 1.90/turn    u - +4 ring of protection
MPRegen 0.13/turn

%: reflection, guardian spirit
@: about to teleport, very slow
A: fangs 3, regeneration 1, magic shield, antimagic bite, no potion heal 2
a: Renounce Religion, Evoke Invisibility, Stomp


You were on level 11 of the Dungeon.
You worshipped Uskayaw.
Uskayaw was noncommittal.
You visited 2 branches of the dungeon, and saw 12 of its levels.
You also visited: Ossuary.

You collected 642 gold pieces.

Inventory:

Hand Weapons
 f - a +2 dagger of flaming
 g - a +5 heavy short sword (weapon)
 r - the +6 sling "Suhogh" {freeze, Dex+3 SInv Stlth+}
   (You found it on level 11 of the Dungeon)

   Dex+3:     It affects your dexterity (+3).
   SInv:      It lets you see invisible.
   Stlth+:    It makes you more stealthy.
 w - a +1 short sword of electrocution
 K - a +7 scimitar
Missiles
 l - 34 poisoned darts (quivered)
 v - 5 atropa-tipped darts
 B - a throwing net
 O - a curare-tipped dart
Armour
 c - a +0 cloak (worn)
 m - a +3 leather armour of cold resistance
 x - the orb of Xyaleh {*Rage, Will- rCorr Dex+5}
   (You found it on level 5 of the Dungeon)

   Dex+5:     It affects your dexterity (+5).
   Will-:     It decreases your willpower.
   rCorr:     It protects you from acid and corrosion.
 A - a +0 helmet (worn)
 E - a +0 pair of gloves (worn)
 L - the +1 kite shield of Negligence (worn) {+Inv rF+ Regen+}
   (You found it on level 10 of the Dungeon)

   rF+:       It protects you from fire.
   +Inv:      It lets you turn invisible.
   Regen+:    It increases your rate of health regeneration.
 M - a +2 chain mail of poison resistance (worn)
Magical Staves
 i - a staff of conjuration
Jewellery
 a - a ring of ice
 h - an amulet of reflection (around neck)
 k - a +6 ring of strength
 u - a +4 ring of protection (right hand)
 D - an amulet of magic regeneration
 J - a ring of resist corrosion (left hand)
Wands
 j - a wand of charming (6)
 o - a wand of polymorph (28)
 G - a wand of flame (22)
Scrolls
 e - a scroll of fear
 s - 2 scrolls of poison
 t - a scroll of teleportation
 y - a scroll of torment
 I - a scroll of immolation
Potions
 b - a potion of invisibility
 d - 4 potions of might
 n - a potion of resistance
 p - a potion of brilliance
 q - 6 potions of curing
 z - 2 potions of enlightenment
 C - a potion of mutation {unknown}
 F - a potion of ambrosia {unknown}
 H - 2 potions of lignification
 N - 2 potions of attraction {unknown}


   Skills:
 + Level 8.7 Fighting
 * Level 12.2 Short Blades
 - Level 1.7 Throwing
 - Level 3.8 Armour
 - Level 4.0 Dodging
 - Level 10.5 Stealth
 * Level 4.3 Shields


You had 11 spell levels left.
You didn't know any spells.
Your spell library contained the following spells:

 Spells                   Type           Power      Damage    Failure   Level
 Apportation              Tloc           0%         N/A       100%        1
 Cigotuvi's Dreadful Rot  Necr/Alch/Air  0%         N/A       100%        2
 Ensorcelled Hibernation  Hex/Ice        0%         N/A       100%        2
 Jinxbite                 Hex            0%         N/A       100%        2
 Passwall                 Erth           0%         N/A       100%        3
 Swiftness                Air            0%         N/A       100%        3
 Ignite Poison            Fire/Alch      0%         N/A       100%        4
 Olgreb's Toxic Radiance  Alch           0%         N/A       100%        4
 Alistair's Intoxication  Alch           0%         N/A       100%        5
 Freezing Cloud           Conj/Ice/Air   0%         6-21      100%        5
 Iskenderun's Battlesphe  Conj           0%         2d6       100%        5
 Bombard                  Conj/Erth      0%         9d1       100%        6
 Ozocubu's Refrigeration  Ice            0%         4d7       100%        7
 Spellforged Servitor     Conj/Summ      0%         N/A       100%        7
 Discord                  Hex            0%         N/A       100%        8


Dungeon Overview and Level Annotations

Branches:
Dungeon (11/15) Zot: 26102  Temple (1/1) D:4 Zot: 5772    Lair (0/5) D:8
Ossuary (visited)
    Orc: D:9-12

Altars:
Ashenzari
Cheibriados
Dithmenos
Elyvilon
Fedhas
Gozag
Hepliaklqana
Kikubaaqudgha
Makhleb
Nemelex Xobeh
Okawaru
Qazlal
Ru
Sif Muna
Trog
Uskayaw
Vehumet
Wu Jian
Xom
Yredelemnul
Zin
The Shining One

Shops:
D:4 :

Annotations:
D:7 3 runed translucent doors, zurenarrh's ghost, novice KoBr


Innate Abilities, Weirdness & Mutations

You have razor-sharp teeth.
Your natural rate of healing is unusually fast.
When hurt, damage is shared between your health and your magic reserves.
Your bite disrupts and absorbs the magic of your enemies.
Potions cannot restore your health.


Message History

The electric eel shoots out a bolt of lightning at you!
The bolt of electricity hits the plant!
The plant begins to die.
The bolt of electricity misses you.
The electric eel shoots out a bolt of lightning at you!
The bolt of electricity hits you but does no damage.
The electric eel shoots out a bolt of lightning at you!
The bolt of electricity hits you!
The electric eel shoots out a bolt of lightning at you!
The bolt of electricity hits you.
The bolt of electricity hits the plant!
The plant begins to die.
The electric eel shoots out a bolt of lightning at you!
The bolt of electricity hits you!
The electric eel shoots out a bolt of lightning at you!
The bolt of electricity hits you!
You are too injured to fight recklessly!
You are too injured to fight recklessly!
You are too injured to fight recklessly!
Unknown command.
As you read the scroll of teleportation, it crumbles to dust.
You feel strangely unstable.
The electric eel shoots out a bolt of lightning at you!
The bolt of electricity hits you.
Found 2 poisoned darts.
A nearby plant withers and dies.
The electric eel shoots out a bolt of lightning at you!
The bolt of electricity hits the plant!
The plant begins to die.
The bolt of electricity hits you!
The electric eel shoots out a bolt of lightning at you!
The bolt of electricity hits the plant!
The bolt of electricity hits you!
* * * LOW HITPOINT WARNING * * *
The electric eel shoots out a bolt of lightning at you!
The bolt of electricity hits the plant!
The bolt of electricity hits you.
* * * LOW HITPOINT WARNING * * *
The bolt of electricity hits the plant!
The plant begins to die.
A nearby plant withers and dies.
The electric eel shoots out a bolt of lightning at you!
The bolt of electricity hits you!
* * * LOW HITPOINT WARNING * * *
The electric eel shoots out a bolt of lightning at you!
The bolt of electricity hits the plant!
The bolt of electricity hits you!
You die...

P.... #..#...#...#####
... #..#####...#....
P... #..........#....
~... #[.........####.
~.... #.............#.
~....♣♣♣♣♣♣...........'.
....~~~♣~~†♣#########.#♣
♣♣~~~≈~~P~~♣ #.♣♣
~~~~~≈P@~~~♣## #♣♣♣
~~≈~≈≈~~~~P~~## ♣P
~~~~~~~P~~~~~~# ♣♣~
~~~~~~~~~..~~~... ~≈≈
~~~.~.~~.~........ ~~≈
.................. P~≈
(.......S...~P~♣.. ~P~
....S..~~~~~~♣~~.# ♣~~
..♣~~S~~~~~~♣♣.#. #~~


You could see 2 electric eels.

Vanquished Creatures
  A centaur warrior (D:10)
  A death knight (D:10)
  A boulder beetle (D:11)
  2 two-headed ogres
  3 death yaks (D:8)
  A kobold demonologist (D:11)
  2 komodo dragons
  3 freezing wraiths (D:10)
  2 trolls
  A hornet (D:8)
  A wyvern (D:7)
  A vampire (D:11)
  12 yaks
  2 wraiths
  2 steam dragons
  2 water moccasins
  An orc warrior (D:8)
  2 ice beasts
  A sky beast (D:6)
  An ogre (D:5)
  4 centaurs
  A phantom (D:7)
  3 kobold brigands
  4 bullfrogs
  2 scorpions (Ossuary)
  27 wights
  8 howler monkeys
  5 electric eels (D:11)
  3 bombardier beetles
  A bullfrog zombie (Ossuary)
  2 human zombies (Ossuary)
  6 crimson imps (D:8)
  4 orc priests
  3 hounds
  Crazy Yiuf (D:2)
  A gnoll bouda (D:6)
  5 jellies
  2 centaur zombies (Ossuary)
  2 iguanas (D:4)
  2 sleepcaps
  Natasha (thrice) (D:4)
  8 orc wizards
  2 scorpion zombies (Ossuary)
  2 hell rats (D:8)
  3 adders
  7 gnolls
  A river rat (D:8)
  2 shadow imps
  2 white imps (D:8)
  4 adder zombies (Ossuary)
  4 dart slugs
  A ribbon worm (D:3)
  32 orcs
  7 bats
  11 endoplasms
  4 giant cockroaches
  8 hobgoblins
  5 jackals (D:1)
  19 kobolds
  3 quokkas
  4 ball pythons
  A frilled lizard (D:2)
  4 gnoll zombies (Ossuary)
  6 goblins
  4 goblin zombies (Ossuary)
  4 hobgoblin zombies (Ossuary)
  3 orc zombies (Ossuary)
  5 rats
287 creatures vanquished.

Vanquished Creatures (others)
  An orc wizard (D:8)
1 creature vanquished.

Grand Total: 288 creatures vanquished

Notes
Turn   | Place    | Note
-------+----------+-------------------------------------------
     0 | D:1      | dorian the Vine Stalker Brigand began the quest for the
                  | Orb.
     0 | D:1      | Reached XP level 1. HP: 11/11 MP: 2/2
    51 | D:1      | Reached skill level 2 in Short Blades
   103 | D:1      | Reached skill level 5 in Stealth
   103 | D:1      | Reached XP level 2. HP: 15/15 MP: 3/3
   395 | D:1      | Reached XP level 3. HP: 18/18 MP: 1/4
   895 | D:2      | Reached skill level 3 in Short Blades
   895 | D:2      | Reached XP level 4. HP: 19/23 MP: 5/5
  1017 | D:2      | Found a faded altar of an unknown god.
  1418 | D:2      | Reached XP level 5. HP: 27/27 MP: 6/6
  1667 | D:2      | Found a runed translucent door.
  1668 | D:2      | Noticed Crazy Yiuf
  1675 | D:2      | Killed Crazy Yiuf
  2353 | D:3      | Reached skill level 4 in Short Blades
  2353 | D:3      | Reached XP level 6. HP: 32/32 MP: 7/7
  3008 | D:4      | Found a staircase to the Ecumenical Temple.
  3020 | Temple   | Entered the Ecumenical Temple
  3228 | Temple   | Became a worshipper of Uskayaw the Reveller
  3256 | D:4      | Reached * piety under Uskayaw
  3260 | D:4      | Reached ** piety under Uskayaw
  3646 | D:4      | Noticed Natasha
  3650 | D:4      | Found Qin Nutu's Vocational Training.
  3653 | D:4      | Killed Natasha
  3671 | D:4      | Noticed Natasha
  3691 | D:4      | Killed Natasha
  3737 | D:4      | Found a shimmering altar of Xom.
  3801 | D:4      | Noticed Natasha
  3812 | D:4      | Killed Natasha
  3813 | D:4      | Reached XP level 7. HP: 36/36 MP: 6/8
  3917 | D:5      | Entered Level 5 of the Dungeon
  3982 | D:5      | Reached skill level 5 in Short Blades
  4026 | D:5      | Reached *** piety under Uskayaw
  4029 | D:5      | Reached **** piety under Uskayaw
  4084 | D:5      | Identified the orb of Xyaleh {*Rage, Will- rCorr Dex+5}
  4593 | D:5      | Reached skill level 6 in Short Blades
  4593 | D:5      | Gained mutation: You have razor-sharp teeth. [Vine Stalker
                  | growth]
  4593 | D:5      | Reached XP level 8. HP: 42/42 MP: 9/9
  4976 | D:6      | Found a sparkling altar of Nemelex Xobeh.
  4999 | D:6      | Found a white marble altar of Elyvilon.
  5039 | D:6      | Reached skill level 5 in Fighting
  5091 | D:6      | Reached skill level 7 in Short Blades
  5190 | D:6      | Found a sacrificial altar of Ru.
  5425 | D:7      | Noticed a wyvern
  5455 | D:7      | Killed a wyvern
  5456 | D:7      | Reached XP level 9. HP: 33/47 MP: 10/10
  5521 | D:7      | Noticed zurenarrh's ghost (novice KoBr)
  5527 | D:7      | Found a sand-covered staircase.
  5531 | Ossuary  | Entered an ossuary
  5593 | Ossuary  | Reached skill level 8 in Short Blades
  5734 | Ossuary  | Reached ***** piety under Uskayaw
  5759 | Ossuary  | Noticed a silent spectre
  5812 | D:7      | Found a runed translucent gate.
  5812 | D:7      | Found a runed translucent gate.
  5812 | D:7      | Found a runed translucent gate.
  5968 | D:7      | Reached skill level 10 in Stealth
  6068 | D:7      | Reached skill level 9 in Short Blades
  6123 | D:7      | Reached XP level 10. HP: 53/53 MP: 11/11
  6143 | D:7      | Found the +10 dark maul {heavy}
  6847 | D:8      | Reached skill level 1 in Dodging
  7047 | D:8      | Reached skill level 1 in Armour
  7054 | D:8      | Found an opulent altar of Gozag.
  7258 | D:8      | Noticed a death yak
  7259 | D:8      | Noticed a death yak
  7264 | D:8      | Found a staircase to the Lair.
  7264 | D:8      | Noticed a death yak
  7269 | D:8      | Killed a death yak
  7270 | D:8      | Reached skill level 10 in Short Blades
  7362 | D:8      | Paralysed by a hornet for 1 turns
  7478 | D:8      | Killed a death yak
  7649 | D:8      | Killed a death yak
  7650 | D:8      | Reached XP level 11. HP: 28/58 MP: 7/12
  8122 | D:9      | Reached skill level 11 in Short Blades
  8517 | D:10     | Entered Level 10 of the Dungeon
  8526 | D:10     | Noticed a centaur warrior
  8536 | D:10     | Killed a centaur warrior
  8855 | D:10     | Noticed a death knight
  8964 | D:10     | Identified the +1 kite shield of Negligence {+Inv rF+
                  | Regen+}
  9095 | D:10     | Reached skill level 1 in Shields
  9184 | D:10     | Killed a death knight
  9321 | D:10     | Noticed a two-headed ogre
  9328 | D:10     | Killed a two-headed ogre
  9584 | D:11     | Noticed a boulder beetle
  9586 | D:11     | Noticed a two-headed ogre
  9602 | D:11     | Killed a two-headed ogre
  9617 | D:11     | Killed a boulder beetle
  9618 | D:11     | Reached skill level 12 in Short Blades
  9618 | D:11     | Reached XP level 12. HP: 42/65 MP: 5/13
  9751 | D:11     | Identified the +6 sling "Suhogh" {freeze, Dex+3 SInv
                  | Stlth+}
 10411 | D:11     | Killed from afar by an electric eel

Illustrated notes

Levels and vault maps discovered:
D:1:      minmay_arrival_diagonal_passages, layout_loops_cross
D:2:      layout_basic, shapermc_ecumenical_altar_pompeii,
          uniq_crazy_yiuf_cottage
D:3:      layout_basic, minmay_misc_feat_nine_boxes, st_stairs_2,
          dk_noncrumbling_2
D:4:      layout_cave_pools, mainiacjoe_overflow_24_doors,
          minmay_temple_entry_mist, nicolae_shop_vocational, uniq_natasha
D:5:      layout_basic
D:6:      layout_rooms, kennysheep_mini, nicolae_ru_the_path_less_chosen,
          mainiacjoe_overflow_tiny_flanked
D:7:      layout_basic, gammafunk_ghost_split, enter_ossuary_5
D:8:      layout_loops_ring, grunt_gozag_breadcrumbs, dpeg_lair_monsters,
          minmay_nine_imps
D:9:      layout_basic
D:10:     layout_irregular_city
D:11:     layout_irregular_city, serial_bayou, serial_bayou_crossing,
          serial_bayou_lagoon_a, serial_bayou_ford_a, serial_bayou_lagoon_b,
          serial_bayou_pond_a, serial_bayou_pond_a
Temple:   minmay_crystal_spiral_temple

Skill      XL: |  1  2  3  4  5  6  7  8  9 10 11 12 |
---------------+-------------------------------------+-----
Short Blades   | 2 3 4 6 7 9 10 12 | 12.2
Fighting       | 2 3 4 5 6 7 8 |  8.7
Stealth        | 5 6 7 8 10 | 10.5
Dodging        | 3 4 |  4.0
Armour         | 2 3 |  3.8
Shields        | 3 4 |  4.3
Throwing       | |  1.7

Action                     |  1- 3 |  4- 6 |  7- 9 | 10-12 || total
---------------------------+-------+-------+-------+-------++-------
  Melee: Dagger            |    96 |   134 |   184 |       ||   414
         Bite              |    20 |    43 |   107 |   155 ||   325
         Punch             |     1 |     1 |     4 |     7 ||    13
         Short sword       |       |       |   120 |   416 ||   536
  Throw: Dart              |       |     7 |     1 |    25 ||    33
 Invoke: Line Pass         |       |       |     1 |     2 ||     3
         Stomp             |       |       |       |     6 ||     6
  Evoke: Wand              |       |       |       |     1 ||     1
    Use: Scroll            |     3 |     8 |     6 |    13 ||    30
         Potion            |       |       |       |     3 ||     3
   Stab: Sleeping          |     4 |    15 |    20 |     7 ||    46
         Paralysed         |       |       |    12 |    19 ||    31
         Distracted        |       |       |     2 |     1 ||     3
         Confused          |       |       |       |     1 ||     1
 Armour: Robe              |    66 |    11 |       |       ||    77
         Leather armour    |       |    30 |   123 |   158 ||   311
         Chain mail        |       |       |       |    72 ||    72
  Dodge: Dodged            |    26 |    33 |    85 |   131 ||   275
  Block: Other             |    10 |    13 |    26 |    40 ||    89
         Reflection        |     4 |       |       |     7 ||    11
         Kite shield       |       |       |       |   112 ||   112
